 Dungeon Crawl Stone Soup version 0.31.0-32-g396128a36d (webtiles) character file.

Game seed: 1365036267890787857

115 KKCryptic the Insei (level 5, -1/33 HPs)
             Began as an Octopode Shapeshifter on Mar 29, 2024.
             Was a Follower of Wu Jian.
             Slain by an ogre
             ... wielding a +0 giant spiked club
              (24 damage)
             ... on level 3 of the Dungeon.
             The game lasted 00:04:54 (1958 turns).

KKCryptic the Insei (Octopode Shapeshifter)         Turns: 1958, Time: 00:04:55

Health: -1/33      AC:  1    Str: 13    XL:     5   Next: 0%
Magic:  5/5        EV: 13    Int: 13    God:    Wu Jian [*.....]
Gold:   64         SH:  0    Dex: 13    Spells: 4/4 levels left

rFire   . .          .
                       - Unarmed
rCold   . . .        (no shield)
rNeg    . . .        (helmet currently unavailable)
rPois   .            (no amulet)
rElec   .            (no ring)
rCorr   .            (no ring)
SInv    .            (no ring)
Will    .....        (no ring)
Stlth   +++          (no ring)
HPRegen 0.25/turn    (no ring)
MPRegen 0.09/turn    (no ring)
                     (no ring)

%: no passive effects
@: beast-form
A: beast (slay +2), almost no armour, amphibious, 8 rings, camouflage 1,
gelatinous body 1, (nimble swimmer 1), tentacles
a: Begin Untransformation, Renounce Religion


You were on level 3 of the Dungeon.
You worshipped Wu Jian.
Wu Jian was aware of your devotion.
You were a hulking beast.
You visited 1 branch of the dungeon, and saw 3 of its levels.

You collected 100 gold pieces.
You spent 36 gold pieces at shops.

Inventory:

Missiles
 k - a throwing net (quivered)
Talismans
 b - a beast talisman
 c - a flux talisman
Scrolls
 d - 3 scrolls of identify {unknown}
 e - 2 scrolls of teleportation
 i - a scroll of amnesia {unknown}
 l - a scroll of vulnerability {unknown}
 m - a scroll of enchant armour {unknown}
 o - a scroll of fog {unknown}
 p - 3 scrolls of fear {unknown}
Potions
 a - a potion of lignification
 f - a potion of curing {unknown}
 g - a potion of magic {unknown}
 h - 2 potions of attraction {unknown}
 j - a potion of resistance {unknown}
 n - a potion of might {unknown}


   Skills:
 - Level 1.0 Fighting
 - Level 2.0 Dodging
 + Level 2.5 Stealth
 * Level 4.1 Unarmed Combat
 * Level 4.0 Shapeshifting


You had 4 spell levels left.
You didn't know any spells.
Your spell library contained the following spells:

 Spells                   Type           Power      Damage    Failure   Level
 Freeze                   Ice            0%         1d3       30%         1
 Frozen Ramparts          Ice            0%         1d1       67%         3
 Hailstorm                Conj/Ice       0%         3d5       67%         3


Dungeon Overview and Level Annotations

Branches:
Dungeon (3/15)

Altars:
Makhleb
Wu Jian

Shops:
D:1 ?


Innate Abilities, Weirdness & Mutations

You are a hulking beast.
Your limbs bulge with bestial killing power. (Slay +2)
You cannot wear most types of armour.
You are amphibious.
You can wear up to eight rings at the same time.
Your skin changes colour to match your surroundings (Stealth+).
Your rubbery body absorbs attacks. (AC +1, EV +1)
((You are camouflaged when in or above water. (Stealth+)))
You have tentacles for arms and can constrict up to eight enemies at once.


Message History

The orc is severely wounded.
You constrict the orc. The orc barely misses you.
You see here a +0 dagger.
You tentacle-slap the orc.
You kill the orc!
The Council accepts your kill.
An orc comes into view. It is wielding a +0 trident.
p - 3 scrolls labelled JEIM INUG DEITS You lunge at the orc.
You catch the helpless orc completely off-guard!
You tentacle-slap the orc. You grab the orc.
The orc is almost dead.
You constrict the orc.
You kill the orc!
The Council accepts your kill.
Things that are here:
a +0 trident; a +0 leather armour
Okay, then.
A hobgoblin comes into view.
The hobgoblin shouts!
You lunge at the hobgoblin.
You tentacle-slap the hobgoblin.
You kill the hobgoblin!
The Council accepts your kill.
You have reached level 5!
You feel clever.
An ogre comes into view. It is wielding a +0 giant spiked club.
The ogre shouts!
You bludgeon the ogre!
The ogre is moderately wounded.
The ogre barely misses you.
You tentacle-slap the ogre.
The ogre is heavily wounded.
The ogre hits you with a +0 giant spiked club!
You bludgeon the ogre!
The ogre is severely wounded.
You closely miss the ogre.
The ogre is severely wounded.
The ogre hits you with a +0 giant spiked club!!
Ouch! That really hurt!
You die...

#...##
#.......#
.....#
#######.#
#...## #.#
##.## #.###
#.# #...#
## #.#
###.# #..#
##+## #.#
.....
#...##
#.#......
.....##
#hO.♣
......##
#....P...
.......####
........#
.......'...
..........
)......#
.##.##..###
......## .#
..# .##
.....## .#
.## .#
#...## #. .
##'##


You could see an ogre.

Vanquished Creatures
  Jessica (D:2)
  2 adders
  3 ribbon worms
  3 orcs (D:3)
  5 endoplasms
  3 giant cockroaches
  7 goblins
  7 hobgoblins
  4 jackals
  A quokka (D:1)
  3 ball pythons
  7 bats
  A frilled lizard (D:1)
  2 kobolds
  6 rats
55 creatures vanquished.

Notes
Turn   | Place    | Note
-------+----------+-------------------------------------------
     0 | D:1      | KKCryptic the Octopode Shapeshifter began the quest for the
                  | Orb.
     0 | D:1      | Reached XP level 1. HP: 13/13 MP: 1/1
   248 | D:1      | Reached XP level 2. HP: 18/18 MP: 2/2
   266 | D:1      | Reached skill level 1 in Stealth
   361 | D:1      | Found Qinafe Fugi's Magic Scroll Boutique.
   369 | D:1      | Bought a scroll of teleportation for 36 gold pieces
   584 | D:1      | Reached XP level 3. HP: 23/23 MP: 3/3
   959 | D:2      | Noticed Jessica
   965 | D:2      | Killed Jessica
   985 | D:2      | Reached XP level 4. HP: 26/28 MP: 4/4
  1559 | D:3      | Found a burning altar of Makhleb.
  1609 | D:3      | Found a faded altar of an unknown god.
  1626 | D:3      | Prayed at the altar of an unknown god.
  1626 | D:3      | Became a worshipper of the Wu Jian Council
  1626 | D:3      | Reached * piety under Wu Jian
  1919 | D:3      | Reached XP level 5. HP: 33/33 MP: 5/5
  1954 | D:3      | Noticed an ogre
  1958 | D:3      | Slain by an ogre

Illustrated notes

Levels and vault maps discovered:
D:1:      dpeg_arrival_brainrot, layout_loops_ring, serial_shops, shop
D:2:      layout_rooms, uniq_jessica
D:3:      layout_loops_corners, mainiacjoe_overflow_alcove_2,
          hellmonk_ecumenical_altar_dog_temple, serial_park_tiny_2

Skill      XL: |  1  2  3  4 |
---------------+-------------+-----
Stealth        | 1 2 |  2.5
Unarmed Combat | 4 |  4.1
Shapeshifting  | 4 |  4.0
Fighting       | |  1.0
Dodging        | |  2.0

Action                     |  1- 3 |  4- 6 || total
---------------------------+-------+-------++-------
  Melee: Unarmed           |    48 |    54 ||   102
         Constrict         |    12 |    13 ||    25
         Tentacles         |     8 |     9 ||    17
Ability: Lunge             |       |     4 ||     4
         Whirlwind         |       |     1 ||     1
   Stab: Sleeping          |     6 |     5 ||    11
         Distracted        |       |     1 ||     1
 Armour: Skin              |    13 |    21 ||    34
  Dodge: Dodged            |    23 |    23 ||    46
